 Dungeon Crawl Stone Soup version 0.29-a0-648-g6b26cc9f40 (webtiles) character file.

Game seed: 15849749482892532490

134 vineage the Shield-Bearer (level 5, 0/49 HPs)
             Began as a Gargoyle Fighter on June 20, 2022.
             Slain by Grinder (7 damage)
             ... on level 3 of the Dungeon.
             The game lasted 00:03:50 (3242 turns).

vineage the Shield-Bearer (Gargoyle Fighter)        Turns: 3242, Time: 00:03:51

Health: 0/49       AC: 22    Str: 20    XL:     5   Next: 17%
Magic:  3/5        EV:  2    Int:  8    God:
Gold:   172        SH:  5    Dex: 13    Spells: 4/4 levels left

rFire   . . .      SeeInvis .   d - +2 mace (vorpal)
rCold   . . .      Faith    .   c - +0 buckler
rNeg    + . .      Spirit   .   (body armour currently unavailable)
rPois   ∞          Reflect  .   (helmet currently unavailable)
rElec   .          Harm     .   (cloak currently unavailable)
rCorr   .          Rampage  .   (gloves currently unavailable)
Will    .....      NoTele   +   (boots currently unavailable)
Stlth   +.........              (no amulet)
HPRegen 0.16/turn               (no ring)
MPRegen 0.09/turn               (no ring)

@: brilliant, tree-form, hasted, very quick
A: stationary, stasis, torment immunity, boosted hp, sickness immunity, AC +4,
negative energy resistance 1, (electricity resistance), torment resistance 1,
petrification resistance, agile 1, (cold resistance 1), no potion heal 1
a: no special abilities


You were on level 3 of the Dungeon.
You were a tree.
You visited 1 branch of the dungeon, and saw 3 of its levels.

You collected 172 gold pieces.

Inventory:

Hand Weapons
 a - a +1 flail
 d - a +2 vorpal mace (weapon)
Armour
 b - a +0 scale mail (melded)
 c - a +0 buckler (worn)
 o - a +1 pair of gloves of infusion (melded)
Scrolls
 e - a scroll of amnesia
 i - 4 scrolls of identify
Potions
 g - 2 potions of degeneration


   Skills:
 + Level 4.2 Fighting
 + Level 3.0 Maces & Flails
 + Level 4.1 Armour
 + Level 4.2 Shields


You had 4 spell levels left.
You didn't know any spells.
Your spell library contained the following spells:

 Spells                   Type           Power      Damage    Failure   Level
 Summon Small Mammal      Summ           0%         N/A       50%         1
 Call Canine Familiar     Summ           0%         N/A       86%         3
 Portal Projectile        Hex/Tloc       0%         N/A       86%         3
 Summon Guardian Golem    Hex/Summ       0%         N/A       86%         3
 Leda's Liquefaction      Hex/Erth       0%         N/A       99%         4
 Petrify                  Tmut/Erth      0%         N/A       99%         4
 Metabolic Englaciation   Hex/Ice        0%         N/A       100%        5
 Statue Form              Tmut/Erth      Unusable   N/A       N/A         6

Dungeon Overview and Level Annotations

Branches:
Dungeon (3/15)

Altars:
Wu Jian

Shops:
D:1 ?

Annotations:
D:3 Grinder


Innate Abilities, Weirdness & Mutations

You are a tree.
Your roots penetrate the ground, keeping you stationary.
You cannot be teleported.
You are immune to unholy pain and torment.
Your maximum health is greatly increased.
Your equipment is partially melded.
You are immune to sickness and miasma.
((Your stone body is resilient. (AC +4)))
You are immune to poison.
You resist negative energy. (rN+)
((You are resistant to electric shocks. (rElec)))
You are resistant to unholy torment.
You are immune to petrification.
You are agile. (Dex +4, Int/Str-1)
((Your flesh is cold resistant. (rC+)))
Potions are less effective at restoring your health.


Message History

Grinder is moderately wounded.
Grinder hits you.
* * * LOW HITPOINT WARNING * * *
You barely miss Grinder.
Grinder is moderately wounded.
Grinder hits you but does no damage.
You hit Grinder but do no damage.
Grinder is moderately wounded.
You sock Grinder!
Grinder is severely wounded.
Grinder blinks!
It was a potion of mutation.
You feel extremely strange.
Your system partially rejects the healing effects of potions.
You feel agile.
You feel resistant to cold.
You cannot move.
You cannot move.
You cannot move.
You cannot move.
You cannot move.
You cannot move.
Okay, then.
The air fills with toxic fumes!
As you read the scroll labelled CIFAYS OLUA, it crumbles to dust.
It was a scroll of poison.
You hit Grinder but do no damage.
Grinder is heavily wounded.
Grinder hits you but does no damage.
You closely miss Grinder.
Grinder is heavily wounded.
Grinder hits you but does no damage.
You hit Grinder but do no damage.
Grinder is heavily wounded.
You block Grinder's attack.
You hit Grinder but do no damage.
Grinder is heavily wounded.
Grinder hits you but does no damage.
You hit Grinder but do no damage.
Grinder is heavily wounded.
Grinder hits you!
You die...

≈≈≈........# ≈≈≈#...###.##
≈≈....###...###### ***####**
≈≈≈....†.......§§# *,.....,*
≈≈≈#..##.....###§#####......,*
#≈##..........☼§§§§.........,*
≈.##.###.......§.§.o).......,*
≈#.#.# #.....###5#####......,*
...#.# #.....# #♣# *......,*
#.##.# ####### #§# *,.....,*
#.##.#*********#§# **.#.^.,*
#.#*,,,,,./....§§# *,####,*
..#******#########*****,* *,*
### *,,,,,,,,,,,,>* *,* #
*,************* *,* # *,* *,*
# *,* *,*


You could see Grinder.

Vanquished Creatures
  An adder (D:3)
  4 gnolls (D:3)
  10 dart slugs
  5 orcs (D:3)
  2 bats (D:1)
  6 endoplasms
  2 giant cockroaches
  6 hobgoblins
  3 jackals (D:2)
  3 ball pythons
  5 frilled lizards
  6 goblins
  5 kobolds
  A rat (D:2)
59 creatures vanquished.

Vanquished Creatures (others)
  12 plants (D:1)
12 creatures vanquished.

Grand Total: 71 creatures vanquished

Notes
Turn   | Place    | Note
-------+----------+-------------------------------------------
     0 | D:1      | vineage the Gargoyle Fighter began the quest for the Orb.
     0 | D:1      | Reached XP level 1. HP: 14/14 MP: 1/1
   424 | D:1      | Reached XP level 2. HP: 19/19 MP: 2/2
   666 | D:1      | Found Ovvoapto's Magic Scroll Emporium.
  1431 | D:1      | Reached XP level 3. HP: 23/23 MP: 3/3
  1433 | D:1      | Found a faded altar of an unknown god.
  2172 | D:2      | Found an ornate altar of the Wu Jian Council.
  2373 | D:3      | Reached XP level 4. HP: 21/29 MP: 4/4
  2690 | D:3      | Reached XP level 5. HP: 32/33 MP: 5/5
  3184 | D:3      | Noticed Grinder
  3189 | D:3      | Paralysed by Grinder for 5 turns
  3199 | D:3      | Paralysed by Grinder for 2 turns
  3213 | D:3      | Paralysed by Grinder for 3 turns
  3226 | D:3      | Paralysed by Grinder for 2 turns
  3235 | D:3      | Gained mutation: Potions are less effective at restoring
                  | your health. [potion of mutation]
  3235 | D:3      | Gained mutation: You are agile. (Dex +4, Int/Str-1) [potion
                  | of mutation]
  3235 | D:3      | Gained mutation: Your flesh is cold resistant. (rC+)
                  | [potion of mutation]
  3242 | D:3      | Slain by Grinder

Illustrated notes

Levels and vault maps discovered:
D:1:      lightli_arrival_noodles, layout_loops_ring, serial_shops,
          nicolae_shop_trees, dilly_ecumenical_altar_fadedgnrine,
          minmay_door_square
D:2:      layout_loops_corners, basic_altar
D:3:      kennysheep_slugbush, layout_loops_ring, kennysheep_decorative_pillar,
          kennysheep_small_spiral, uniq_crazy_yiuf_cottage, uniq_grinder

Skill      XL: |  1  2  3  4 |
---------------+-------------+-----
Fighting       | 4 |  4.2
Shields        | 4 |  4.2
Armour         | 4 |  4.1
Maces & Flails | 3 |  3.0

Action                   |  1- 3 |  4- 6 || total
-------------------------+-------+-------++-------
Melee: Flail             |   120 |    54 ||   174
       Mace              |       |    29 ||    29
  Use: Scroll            |     4 |     4 ||     8
       Potion            |     2 |     6 ||     8
Armor: Scale mail        |    81 |    38 ||   119
       Skin              |       |     6 ||     6
Dodge: Dodged            |    72 |    26 ||    98
Block: Buckler           |    29 |     9 ||    38

Table legend: (Time is in decaauts)
 A = Elapsed time spent in this place.
 B = Non-inter-level travel time spent in this place.
 C = Inter-level travel time spent in this place.
 D = Time resting spent in this place.
 E = Time spent auto-exploring this place.
 F = Levels seen in this place.
 G = Mean time per level.
                   A        B        C        D        E       F      G
               +--------+--------+--------+--------+--------+-----+--------+
         Total |   3312 |   3272 |     40 |    197 |   2503 |   3 | 1104.0 |
       Dungeon |   3312 |   3272 |     40 |    197 |   2503 |   3 | 1104.0 |
               +--------+--------+--------+--------+--------+-----+--------+

Top non-repeatable levels by time:
     D:1: 1517 daAuts
     D:3: 974 daAuts
     D:2: 820 daAuts
